AoeStats
← dr. phil.

Arena

509360059Analyzed
2v2 RM · 4d ago on Sep 26, 2026· 38m 4s· 4 players
Game mode
Random Map
Map size
Medium (4 player)
Population
200
Speed
Normal
Resources
Standard
Victory
Conquest
Starting age
Dark Age
Ending age
Imperial Age
RankedLock teamsTeams togetherTeam positionsShared explorationLock speedFull tech treeHidden civsTurbo modeCheats
Victory
Defeat
🇨🇳 Goths · China
1112
+18
🇺🇸 Italians · United States
1110
+18
🇩🇪 Spanish · Germany
1177
-18
🇹🇷 Saxons · Türkiye
1148
-18
TrainArmyPlease
10:09 Feudal Age
14:53 Castle Age
13:12 Double-Bit Axe
16:14 Bow Saw
15:55 Horse Collar
18:19 Wheelbarrow
19:16 Heavy Plow
20:50 Loom
23:30 Ballistics
23:50 Hand Cart
23:49 Gold Mining
29:22 Imperial Age
27:14 Scale Mail Armor
27:26 Forging
27:56 Squires
27:42 Arson
28:13 Chain Mail Armor
29:47 Iron Casting
29:53 Fletching
30:09 Scale Barding Armor
30:39 Plate Mail Armor
31:37 Shield Wall
32:38 Conscription
33:54 Two-Man Saw
33:11 Thumb Ring
33:11 Bodkin Arrow
33:16 Padded Archer Armor
34:42 Bracer
34:58 Leather Archer Armor
34:39 Elite Skirmisher
35:29 Cranequins
37:17 Chemistry
36:19 Elite Skirmisher
36:24 Heavy Scorpion
dr. phil.
8:15 Loom
10:26 Feudal Age
14:36 Castle Age
13:33 Double-Bit Axe
18:50 Fletching
20:31 Horse Collar
23:42 Town Watch
23:58 Heavy Plow
34:23 Wheelbarrow
35:50 Scale Barding Armor
36:53 Chain Barding Armor
36:47 Forging
37:15 Gold Mining
Lucci
10:14 Feudal Age
14:41 Castle Age
12:48 Double-Bit Axe
13:10 Horse Collar
14:33 Fletching
15:49 Bow Saw
18:43 Loom
21:59 Padded Archer Armor
22:53 Wheelbarrow
22:12 Gold Mining
23:53 Wheelbarrow
25:43 Bodkin Arrow
29:10 Imperial Age
27:21 Leather Archer Armor
29:55 Hand Cart
29:42 Heavy Plow
29:33 Stone Mining
31:14 Chemistry
30:37 Bracer
31:00 Ballistics
31:14 Town Watch
32:18 Ring Archer Armor
32:53 Thumb Ring
34:27 Conscription
36:53 Ring Archer Armor
36:28 Scale Barding Armor
36:33 Forging
37:52 Pirotechnia
38:45 Bloodlines
37:56 Light Cavalry
38:36 Husbandry
38:58 Chain Barding Armor
mapusaurus roseae
11:11 Feudal Age
15:26 Castle Age
13:23 Double-Bit Axe
14:43 Horse Collar
21:43 Fletching
29:51 Bow Saw
30:07 Scale Mail Armor
32:23 Loom
36:51 Wheelbarrow
37:37 Chain Mail Armor
Connection lost

Rejoining the realm…

Still unreachable

The connection could not be restored.

Session expired

The server has moved on; the page needs a fresh start.